 Dungeon Crawl Stone Soup version 0.31-a0-217-g58bb5d79cf (webtiles) character file.

Game seed: 9802330443953843308

75 qw the Shooter (level 4, -2/36 HPs)
             Began as a Minotaur Hexslinger on July 2, 2023.
             Slain by a scorpion (7 damage)
             ... on level 4 of the Dungeon.
             The game lasted 00:00:35 (1223 turns).

qw the Shooter (Minotaur Hexslinger)                Turns: 1223, Time: 00:00:35

Health: -2/36      AC:  2    Str: 13    XL:     4   Next: 11%
Magic:  4/4        EV: 12    Int: 10    God:
Gold:   59         SH:  0    Dex: 14    Spells: 4/5 levels left

rFire   . . .        Y - +2 sling
rCold   . . .        (no shield)
rNeg    + . .        c - +0 robe
rPois   .            (helmet restricted)
rElec   .            (no cloak)
rCorr   .            (no gloves)
SInv    .            (no boots)
Will    .....        (no amulet)
Stlth   +            i - ring of positive energy
HPRegen 0.26/turn    (no ring)
MPRegen 0.09/turn

%: no passive effects
@: lethally poisoned (-2 -> -6)
A: horns 2, retaliatory headbutt
a: no special abilities


You were on level 4 of the Dungeon.
You visited 1 branch of the dungeon, and saw 3 of its levels.

You collected 59 gold pieces.


Innate Abilities, Weirdness & Mutations

You have a pair of horns on your head.
You reflexively headbutt those who attack you in melee.


   Skills:
 - Level 2.0 Fighting
 + Level 4.6 Ranged Weapons
 - Level 2.1 Dodging
 - Level 1.0 Spellcasting
 - Level 2.0 Hexes


You had 4 spell levels left.
You knew the following spells:

 Your Spells              Type           Power      Damage    Failure   Level
a - Slow                  Hex            16%        N/A       16%         1

Your spell library contained the following spells:

 Spells                   Type           Power      Damage    Failure   Level
 Inner Flame              Hex/Fire       2%         N/A       56%         3
 Portal Projectile        Hex/Tloc       4%         N/A       56%         3
 Cause Fear               Hex            2%         N/A       83%         4

Inventory:

Hand Weapons
 Y - a +2 sling (weapon)
Armour
 a - a +0 ring mail
 b - a +1 pair of gloves
 c - a +0 robe (worn)
Jewellery
 d - a ring of fire
 i - a ring of positive energy (left hand)
Scrolls
 f - a scroll of identify
 g - a scroll of enchant armour
Potions
 e - a potion of attraction {unknown}
 h - 2 potions of lignification {unknown}

Dungeon Overview and Level Annotations

Branches:
Dungeon (2/15)

Altars:
Uskayaw


Message History

You shoot a sling bullet.
The sling bullet closely misses the scorpion.
The scorpion stings you.
You shoot a sling bullet.
The sling bullet hits the scorpion but does no damage.
The scorpion is lightly wounded.
The scorpion stings you.
You are poisoned.
The scorpion poisons you!
You shoot a sling bullet.
The sling bullet closely misses the scorpion.
You feel sick.
The scorpion stings you but does no damage.
You shoot a sling bullet.
The sling bullet closely misses the scorpion.
You feel sick. The scorpion stings you. x2
You are more poisoned.
The scorpion poisons you!
You shoot a sling bullet.
The sling bullet barely misses the scorpion.
You feel very sick. The scorpion misses you. You furiously retaliate!
You headbutt the scorpion. You shoot a sling bullet.
The sling bullet hits the scorpion.
The scorpion is heavily wounded.
You feel very sick. The scorpion stings you. The scorpion closely misses you.
You furiously retaliate!
You headbutt the scorpion, but do no damage.
You shoot a sling bullet.
The sling bullet closely misses the scorpion.
You feel very sick. The scorpion barely misses you.
You shoot a sling bullet.
The sling bullet barely misses the scorpion.
You feel sick. The scorpion completely misses you. The scorpion stings you.
You shoot a sling bullet.
The sling bullet hits the scorpion but does no damage.
The scorpion is heavily wounded.
You feel sick. The scorpion stings you!
You die...

#.#.# #.#.# #.#.#
####.#.#####
.......... # #......#
#$ +......#
..##..#......# #
#......@.#...#.# #..
......s#####.#.#..#..
##..................
###..######.#.#..###
...........#.#<....
....#.#####.#....#
.....#.......#....+
.#
..(..#..#.........#
#.# +............#
#.#


You could see a scorpion.

Vanquished Creatures
  An iguana (D:4)
  An adder (D:4)
  3 dart slugs (D:2)
  4 endoplasms
  3 goblins (D:1)
  3 hobgoblins
  2 quokkas (D:1)
  4 ball pythons (D:1)
  6 bats
  3 frilled lizards
  5 kobolds
  2 rats (D:2)
37 creatures vanquished.

Notes
Turn   | Place    | Note
-------+----------+-------------------------------------------
     0 | D:1      | qw the Minotaur Hexslinger began the quest for the Orb.
     0 | D:1      | Reached XP level 1. HP: 16/16 MP: 1/1
     0 | D:1      | 0 ||| qw: Version: 0.3-a-40-ge99b1a8
     0 | D:1      | 0 ||| qw: Game counter: 101
     0 | D:1      | 0 ||| qw: Melee chars always use a shield: true
     0 | D:1      | 0 ||| qw: God list: Okawaru
     0 | D:1      | 0 ||| qw: Allow faded altars: false
     0 | D:1      | 0 ||| qw: Do Orc after clearing Dungeon:15 true
     0 | D:1      | 0 ||| qw: Do second Lair branch before Depths: true
     0 | D:1      | 0 ||| qw: Lair rune preference: random
     0 | D:1      | 0 ||| qw: Goals: Normal
     0 | D:1      | 0 ||| PLANNING D:1-11
   195 | D:1      | Reached skill level 3 in Ranged Weapons
   279 | D:1      | Reached XP level 2. HP: 23/23 MP: 2/2
   901 | D:1      | 901 ||| UPGRADING to ring of positive energy.
   902 | D:1      | 902 ||| READING 2 scrolls labelled FOKIUXZU ZARIN.
   903 | D:1      | 903 ||| READING scroll labelled UFFEHI HYPU.
   904 | D:1      | 904 ||| READING 2 scrolls labelled CASAHA ONAKLICH.
   905 | D:1      | 905 ||| READING 2 scrolls labelled BAMYUF UMIYQI.
   906 | D:1      | 906 ||| READING scroll labelled MYJUSAI XISOI.
   911 | D:1      | 911 ||| DROPPING scroll of immolation.
   912 | D:1      | 912 ||| DROPPING scroll of poison.
   959 | D:2      | Reached XP level 3. HP: 29/29 MP: 3/3
   975 | D:2      | 975 ||| FLEEEEING.
   983 | D:2      | 983 ||| FLEEEEING.
   986 | D:2      | 986 ||| FLEEEEING.
   988 | D:2      | 988 ||| FLEEEEING.
   991 | D:2      | 991 ||| FLEEEEING.
   993 | D:2      | 993 ||| FLEEEEING.
   994 | D:2      | 994 ||| FLEEEEING.
   995 | D:2      | 995 ||| FLEEEEING.
   996 | D:2      | 996 ||| FLEEEEING.
  1077 | D:2      | You fall into a shaft and drop 2 floors!
  1085 | D:4      | 1085 ||| PLANNING SEWER
  1087 | D:4      | Found a hide-covered altar of Uskayaw.
  1138 | D:4      | Reached skill level 4 in Ranged Weapons
  1187 | D:4      | Reached XP level 4. HP: 36/36 MP: 4/4
  1211 | D:4      | Noticed a scorpion
  1221 | D:4      | HP: 9/36 [poisoned by a scorpion]
  1223 | D:4      | Slain by a scorpion

Levels and vault maps discovered:
D:1:      moated_graveyard_arrival, layout_loops_corners, grunt_decor_clamped,
          st_stairs_6, minivault_23, amethyst_killhole
D:2:      layout_rooms
D:4:      layout_basic, nicolae_uskayaw_murder_on_the_dancefloor,
          portal_sewer_entry_c, uniq_robin, uniq_menkaure

Skill      XL: |  1  2  3 |
---------------+----------+-----
Ranged Weapons | 3 4 |  4.6
Fighting       | 2 |  2.0
Dodging        | |  2.1
Spellcasting   | |  1.0
Hexes          | |  2.0

Action                     |  1- 3 |  4- 6 || total
---------------------------+-------+-------++-------
   Fire: Sling             |   104 |    12 ||   116
    Use: Scroll            |     5 |       ||     5
 Armour: Robe              |     3 |     1 ||     4
  Dodge: Dodged            |    31 |     4 ||    35

Table legend:
 A = Non-vault XP
 B = Vault XP
 C = Vault XP percentage of total XP
 D = Non-vault monster count
 E = Vault monster count
 F = Vault count percentage of total count
                 A         B        C        D         E       F
            +---------+---------+-------+---------+---------+-------
      Total |     107 |       1 |   0.9 |      36 |       1 |   2.7
            +---------+---------+-------+---------+---------+-------
        D:1 |      32 |       1 |   3.0 |      21 |       1 |   4.5
        D:2 |      24 |       0 |   0.0 |      12 |       0 |   0.0
        D:4 |      51 |       0 |   0.0 |       3 |       0 |   0.0
            +---------+---------+-------+---------+---------+-------
